 Dungeon Crawl Stone Soup version 0.27-a0-1312-g5cdb2b3542 (webtiles) character file.

Game seed: 13593388410109274383

230 Zonian the Conjurer (level 6, -8/32 HPs)
             Began as a Tengu Conjurer on June 19, 2021.
             Killed by divine providence
             ... invoked by an orc priest
              (10 damage)
             ... on level 4 of the Dungeon.
             The game lasted 00:07:07 (5453 turns).

Zonian the Conjurer (Tengu Conjurer)                Turns: 5453, Time: 00:07:08

Health: -8/32      AC:  4    Str:  8    XL:     6   Next: 3%
Magic:  8/12       EV: 15    Int: 20    God:
Gold:   292        SH:  0    Dex: 18    Spells: 9/12 levels left

rFire    + . .     SeeInvis .   l - +1 dagger
rCold    . . .     Faith    .   (no shield)
rNeg     . . .     Spirit   .   a - +0 robe
rPois    .         Reflect  .   (helmet restricted)
rElec    .         Harm     .   d - +1 cloak
rCorr    .         Rampage  .   (no gloves)
Will     .....                  (boots unavailable)
Stlth    ++........             (no amulet)
HPRegen  0.10/turn              j - +6 ring of dexterity
MPRegen  0.13/turn              c - ring of protection from fire

@: flying quickly and evasively, quick
A: beak, talons 3, nimble flight
a: no special abilities


You were on level 4 of the Dungeon.
You visited 1 branch of the dungeon, and saw 5 of its levels.

You collected 292 gold pieces.

Inventory:

Hand Weapons
 f - a +0 whip
 l - a +1 dagger (weapon)
Missiles
 k - 3 silver boomerangs
 q - 28 poisoned darts
Armour
 a - a +0 robe (worn)
 d - a +1 cloak (worn)
Jewellery
 c - a ring of protection from fire (right hand)
 g - an amulet of faith
 j - a +6 ring of dexterity (left hand)
Wands
 p - a wand of paralysis (7)
Potions
 b - 4 potions of lignification
 e - a potion of might
 h - 2 potions of flight
 i - a potion of resistance {unknown}
 m - a potion of heal wounds {unknown}


   Skills:
 + Level 2.9 Dodging
 + Level 2.6 Stealth
 + Level 3.5 Spellcasting
 + Level 7.4 Conjurations


You had 9 spell levels left.
You knew the following spells:

 Your Spells              Type           Power      Damage    Failure   Level
a - Magic Dart            Conj           100%       1d8       1%          1
b - Searing Ray           Conj           66%        3d5       1%          2

Your spell library contained the following spells:

 Spells                   Type           Power      Damage    Failure   Level
 Dazzling Flash           Conj/Hex       36%        N/A       9%          3
 Fulminant Prism          Conj/Hex       9%         3d7       28%         4
 Iskenderun's Mystic Bla  Conj/Tloc      18%        2d6       28%         4


Dungeon Overview and Level Annotations

Branches:
Dungeon (5/15)
 Temple: D:4-7

Altars:
Ashenzari
Nemelex Xobeh

Shops:
D:3 [*?


Innate Abilities, Weirdness & Mutations

You have a beak for a mouth.
You have claws for feet.
Your magical nature lets you fly swiftly and evasively.


Message History

Key pressed, stopping explore.
Magic restored.
You now have 292 gold pieces (gained 14).
There is an open door here.
You see here a scroll of noise.
An orc priest is nearby!
Unknown command.
An orc comes into view. It is wielding a +0 trident.
Unknown command.
The orc priest shouts!
You hear a shout!
The orc shouts!
Unknown command.
Casting: Magic Dart (safe; 1% risk of failure)
Confirm with . or Enter, or press ? or * to list all spells.
You can't see any susceptible monsters within range! (Use Z to cast anyway.) Unknown command.
Unknown command.
Unknown command.
Casting: Magic Dart (safe; 1% risk of failure)
Confirm with . or Enter, or press ? or * to list all spells.
Aiming: Searing Ray (safe; 1% risk of failure)
Press: ? - help, Shift-Dir - straight line, f - orc priest
Aim: an orc priest, wielding a +0 mace and wearing a +0 ring mail (83% to hit)
The searing ray hits the orc priest!
The orc priest is severely wounded. (Press . to maintain the ray.) Unknown command.
The searing ray hits the orc priest.
The orc priest is almost dead.
The orc priest mumbles some strange prayers to Beogh against you.
Beogh smites you!
The orc priest calls down the wrath of Beogh upon you.
Beogh smites you!
You hear a shout!
The searing ray misses the orc priest.
The orc priest mumbles some strange prayers to Beogh against you.
Beogh smites you!
* * * LOW HITPOINT WARNING * * *
The orc priest invokes the aid of Beogh against you.
Beogh smites you!
You die...

##### #...# ####.#.#
###########....#.#
..?.........####.###
............##..@..#
............##.#...#
..######'#####.o...#
..######.# ...o#.#
...(...... o###.#..
............. o.....
..######.#.. ######.
†.# .# ..# ...


You could see 2 orc priests and an orc.

Vanquished Creatures
  An orc priest (D:3)
  2 orc wizards
  A hound skeleton (D:4)
  4 adders
  A gnoll (D:5)
  A worm (D:3)
  A dart slug (D:1)
  6 orcs
  4 endoplasms
  3 giant cockroaches
  4 goblins
  10 hobgoblins
  11 jackals
  9 quokkas
  6 ball pythons
  3 bats
  2 frilled lizards
  5 kobolds
  2 rats (D:3)
76 creatures vanquished.

Notes
Turn   | Place    | Note
-------+----------+-------------------------------------------
     0 | D:1      | Zonian the Tengu Conjurer began the quest for the Orb.
     0 | D:1      | Reached XP level 1. HP: 10/10 MP: 4/4
   300 | D:1      | Reached XP level 2. HP: 15/15 MP: 1/6
   856 | D:1      | Found a faded altar of an unknown god.
   885 | D:1      | Reached skill level 6 in Conjurations
  1086 | D:1      | Reached XP level 3. HP: 19/19 MP: 4/7
  1450 | D:2      | Found a sparkling altar of Nemelex Xobeh.
  1767 | D:2      | Learned a level 2 spell: Searing Ray
  2302 | D:3      | Reached XP level 4. HP: 24/24 MP: 5/8
  2365 | D:3      | Found Tivauz's Antique Armour Shoppe.
  2595 | D:3      | Reached skill level 7 in Conjurations
  2656 | D:3      | Found Xaqexale's Assorted Antiques.
  2661 | D:3      | Found Poxzy's Magic Scroll Boutique.
  2771 | D:3      | Gained mutation: Your magical nature lets you fly swiftly
                  | and evasively. [Tengu growth]
  2771 | D:3      | Reached XP level 5. HP: 28/28 MP: 2/10
  4779 | D:4      | You are sucked into a shaft and drop 1 floor!
  4779 | D:5      | Entered Level 5 of the Dungeon
  5159 | D:4      | Found a broken altar of Ashenzari.
  5164 | D:4      | Reached XP level 6. HP: 32/32 MP: 7/12
  5453 | D:4      | Killed from afar by an orc priest

Illustrated notes

Levels and vault maps discovered:
D:1:      scummos_arrival_hexagon, layout_basic,
          hellmonk_ecumenical_altar_zigzags, minmay_misc_feat_alley
D:2:      layout_rooms, basic_altar, serial_bayou_pond_b,
          mrwooster_statue_mirror
D:3:      layout_rooms, serial_shops, nicolae_shop_waterfront, shop_coins,
          nicolae_shop_temple_entry_statues_fountains
D:4:      layout_basic, lemuel_round_altar
D:5:      layout_cave_pools

Skill      XL: |  1  2  3  4  5 |
---------------+----------------+-----
Conjurations   | 6 7 |  7.4
Spellcasting   | 3 |  3.5
Dodging        | |  2.9
Stealth        | |  2.6

Action                   |  1- 3 |  4- 6 || total
-------------------------+-------+-------++-------
 Cast: Magic Dart        |    71 |    72 ||   143
       Searing Ray       |       |     7 ||     7
  Use: Scroll            |       |     6 ||     6
Armor: Robe              |     2 |     1 ||     3
Dodge: Dodged            |     3 |     9 ||    12

Table legend: (Time is in decaauts)
 A = Elapsed time spent in this place.
 B = Non-inter-level travel time spent in this place.
 C = Inter-level travel time spent in this place.
 D = Time resting spent in this place.
 E = Time spent auto-exploring this place.
 F = Levels seen in this place.
 G = Mean time per level.
                   A        B        C        D        E       F      G
               +--------+--------+--------+--------+--------+-----+--------+
         Total |   5397 |   5276 |    121 |   2509 |   2249 |   5 | 1079.4 |
       Dungeon |   5397 |   5276 |    121 |   2509 |   2249 |   5 | 1079.4 |
               +--------+--------+--------+--------+--------+-----+--------+

Top non-repeatable levels by time:
     D:2: 1957 daAuts
     D:1: 1392 daAuts
     D:3: 1265 daAuts
     D:4: 762 daAuts
     D:5: 20 daAuts
